[Event "European Corporate Championship 2022"]
[Site "Rotterdam"]
[Date "2022.06.19"]
[Round "6.14"]
[White "Dekker, Derk"]
[Black "Oudshoorn, Arres"]
[Result "0-1"]
[ECO "A45"]
[WhiteElo "1893"]
[BlackElo "2137"]
[Annotator "TA"]
[PlyCount "60"]
[EventDate "2022.06.18"]
[EventType "team-tourn"]
[EventCountry "NED"]
[SourceTitle "playchess.com"]
[Source "ChessBase"]
[SourceQuality "1"]
[TimeControl "900+5"]

1. d4 Nf6 2. Bg5 e6 3. e4 Be7 4. e5 Ng8 5. Bxe7 Nxe7 6. c4 {[%emt 0:00:18] A45: Trompowsky Attack.} d6 7. Nf3 Nbc6 {[%emt 0:00:50] [#]} 8. Nc3 $146 {[%emt 0:00:25] The position is equal.} ({Predecessor:} 8. exd6 cxd6 9. d5 exd5 10. cxd5 Nb4 11. Qa4+ Bd7 12. Qxb4 Nxd5 13. Qd2 Nf6 14. Be2 {1-0 (29) Lucia Carpintero,O (1650)-Del Noval Nemeshazi,M (1411) Tres Cantos 2017}) 8... Ng6 9. exd6 cxd6 10. Qd2 a6 11. Bd3 e5 12. d5 (12. dxe5 $14 dxe5 13. O-O) 12... Nce7 $1 $11 13. O-O-O Bg4 14. Be2 (14. Ne2 $11 {remains equal.}) 14... Nf4 15. h3 Bh5 16. g3 Nxe2+ 17. Qxe2 Rc8 (17... Bxf3 $17 18. Qxf3 Rc8) 18. g4 Bg6 19. Nh4 (19. h4 $1 $11 h6 20. a4 (20. h5 Bh7 $11)) 19... Qc7 $17 20. f4 {[%emt 0:00:18] [#]} f6 ({Much weaker is} 20... Qxc4 $6 21. Qxc4 Rxc4 22. f5 $11) ({Don't play} 20... exf4 21. Rhe1 $14) 21. fxe5 fxe5 22. Rhf1 (22. Nxg6 $17 {might work better.} Nxg6 23. Rd4) 22... Qxc4 $19 23. Qf3 {[%emt 0:00:11] [#]} Qe4 (23... Be4 $1 $19 24. Qf7+ Kd8) 24. Nxg6 {[%emt 0:01:18] Qf7+ would kill now.} Qxg6 25. Kd2 Rc4 {[%emt 0:00:12] Against Qe4} 26. Rde1 Rf4 {[%emt 0:00:19] Chess con chili.} 27. Qe3 O-O 28. Rxf4 Rxf4 29. Qe2 (29. Kc1 $142) 29... Qf7 ({Wrong is} 29... Rd4+ $2 30. Kc1 $19) 30. Kc1 Nxd5 {[%emt 0:00:06] Weighted Error Value: White=0.32/Black=0.16 (very precise)} 0-1

[Event "European Corporate Championship 2022"]
[Site "Rotterdam"]
[Date "2022.06.19"]
[Round "6.15"]
[White "Lie, Michael"]
[Black "Vosooghi Dizaji, Mehdi"]
[Result "1-0"]
[ECO "D00"]
[WhiteElo "1798"]
[BlackElo "1878"]
[Annotator "NA RC"]
[PlyCount "115"]
[EventDate "2022.06.18"]
[EventType "team-tourn"]
[EventCountry "NED"]
[SourceTitle "playchess.com"]
[Source "ChessBase"]
[SourceQuality "1"]
[TimeControl "900+5"]

1. d4 Nf6 2. Bg5 d5 3. e3 Bf5 4. c4 c6 5. Nc3 e6 6. Qb3 Qb6 7. c5 Qxb3 8. axb3 Be7 9. b4 Nbd7 10. Nf3 O-O 11. h3 h6 12. Bh4 b6 13. g4 Bc2 14. Bg3 Ne4 15. Nxe4 Bxe4 16. Bg2 Bd3 17. Kd2 Bb5 18. Bf1 a6 19. Bc7 bxc5 20. bxc5 Rfc8 21. Bg3 Nf6 22. Bd3 Rd8 23. Ne5 Ne4+ 24. Bxe4 dxe4 25. Kc3 f5 26. Nc4 Bf6 27. Nd6 g6 28. Rhg1 Bd3 29. Bf4 Kh7 30. Bh2 Rd7 31. b3 Bh4 32. Rg2 Be2 33. Bg3 Bf3 34. Rgg1 Bf6 35. Bh2 Bh4 36. Bg3 Bf6 37. Bh2 Re7 38. Nc4 Rb7 39. Ra2 Rb5 40. b4 a5 41. Rxa5 Raxa5 42. Nxa5 g5 43. Nxc6 Rb7 44. Bd6 Rd7 45. b5 Rb7 46. b6 Be2 47. gxf5 exf5 48. Ra1 Bb5 49. Na5 Rd7 50. b7 Rd8 51. b8=Q Rxb8 52. Bxb8 Bd3 53. Be5 Bd8 54. Nc4 Kg6 55. Nb2 Be2 56. Re1 Bf3 57. c6 Ba5+ 58. Kc2 1-0

[Event "European Corporate Championship 2022"]
[Site "Rotterdam"]
[Date "2022.06.19"]
[Round "6.17"]
[White "Pardo Simon, David"]
[Black "Giri, Anish"]
[Result "0-1"]
[ECO "D94"]
[WhiteElo "2461"]
[BlackElo "2761"]
[Annotator "TA"]
[PlyCount "48"]
[EventDate "2022.06.18"]
[EventType "team-tourn"]
[EventCountry "NED"]
[SourceTitle "playchess.com"]
[Source "ChessBase"]
[SourceQuality "1"]
[TimeControl "900+5"]

1. Nf3 Nf6 2. e3 c5 3. d4 d5 4. c4 cxd4 5. exd4 g6 6. Nc3 Bg7 7. cxd5 Nxd5 8. Bc4 Nxc3 9. bxc3 Qc7 10. Qb3 O-O 11. O-O Nc6 {[%emt 0:00:04] [#] ...Na5 is the strong threat. D94: Grünfeld: 4 Nf3 Bg7 5 e3.} 12. Ng5 e6 {[%emt 0:00:11] [#] Strongly threatening ...Na5.} 13. Bb5 $146 ({Predecessor:} 13. Bd3 Na5 14. Qc2 e5 15. Nf3 exd4 16. Nxd4 Nc4 17. Qb3 Ne5 18. Be4 Ng4 19. g3 {0-1 (28) Bassani,J (1959)-Piccoli,L (2104) Florianopolis 2019}) 13... Bd7 {[%emt 0:00:54][%cal Bc8d7,Bd7c6,Bc6d5][%mdl 32] Black is slightly better.} 14. Bxc6 (14. Qb2 $15) 14... Bxc6 $17 ({Much worse is} 14... bxc6 $6 15. Be3 $11) 15. Re1 Bd5 {[%emt 0:00:15] A strong pair of Bishops.} 16. Qa3 b5 17. Ne4 Qc6 18. f3 a5 $36 {[%emt 0:00:01][%cal Ob5b4][%mdl 2048] [#] Threatens to win with ...b4! Black has strong initiative.} 19. Bg5 $2 {[%emt 0:01:19] Now White is beyond hope.} (19. Qb2 $17) 19... b4 $19 20. Qc1 Bxe4 21. fxe4 Qxc3 (21... bxc3 $142 22. e5 Rfb8) 22. Qxc3 bxc3 23. e5 Rfc8 24. Be7 $2 (24. Rac1) 24... Bh6 {[%emt 0:00:15] Weighted Error Value: White=0.48/Black=0.12 (very precise)} 0-1

[Event "European Corporate Championship 2022"]
[Site "Rotterdam"]
[Date "2022.06.19"]
[Round "6.18"]
[White "Geldhof, Alexander"]
[Black "Jain Aum"]
[Result "0-1"]
[ECO "C01"]
[WhiteElo "1833"]
[BlackElo "1591"]
[Annotator "NA RC"]
[PlyCount "94"]
[EventDate "2022.06.18"]
[EventType "team-tourn"]
[EventCountry "NED"]
[SourceTitle "playchess.com"]
[Source "ChessBase"]
[SourceQuality "1"]
[TimeControl "900+5"]

1. e4 e6 2. Nf3 d5 3. exd5 exd5 4. d4 Bd6 5. Bd3 Nf6 6. Bg5 O-O 7. O-O Bg4 8. Nbd2 Nbd7 9. c3 c6 10. Qc2 Qc7 11. Rae1 Rae8 12. Bf5 Qb8 13. h3 Bxf5 14. Qxf5 Rxe1 15. Rxe1 Re8 16. Rxe8+ Qxe8 17. Bxf6 Nxf6 18. Ne5 Qe6 19. Qxe6 fxe6 20. g4 g5 21. Kg2 h6 22. f4 gxf4 23. Kf3 Bxe5 24. dxe5 Nd7 25. Kxf4 Nc5 26. Nf3 Nd3+ 27. Kg3 Nxb2 28. g5 hxg5 29. Nxg5 Na4 30. Nxe6 Nxc3 31. h4 Ne4+ 32. Kf4 b5 33. h5 Nc3 34. h6 Kh7 35. Kg5 Ne4+ 36. Kf5 Kxh6 37. Nd4 Ng3+ 38. Ke6 c5 39. Nc6 d4 40. Kf6 d3 41. e6 d2 42. e7 d1=Q 43. e8=Q Qf3+ 44. Ke6 Qe4+ 45. Ne5 Qf5+ 46. Kd6 Ne4+ 47. Kd5 Nf6+ 0-1

[Event "European Corporate Championship 2022"]
[Site "Rotterdam"]
[Date "2022.06.19"]
[Round "6.19"]
[White "Maral Pranav"]
[Black "Toledano Llinares, Juan A."]
[Result "1-0"]
[ECO "D60"]
[WhiteElo "1329"]
[BlackElo "2252"]
[Annotator "RC"]
[PlyCount "79"]
[EventDate "2022.06.18"]
[EventType "team-tourn"]
[EventCountry "NED"]
[SourceTitle "playchess.com"]
[Source "ChessBase"]
[SourceQuality "1"]
[TimeControl "900+5"]

1. d4 d5 2. c4 c6 3. Nc3 Nf6 4. Bg5 e6 5. e3 Be7 6. Nf3 O-O 7. Bd3 Nbd7 8. O-O Re8 9. c5 Nf8 10. Bh4 Ng6 11. Bg3 Bd7 12. b4 Qc8 13. a4 Bd8 14. Qe2 Bc7 15. b5 Bxg3 16. hxg3 Qd8 17. a5 Ne7 18. Ne5 Ng6 19. f4 Ne7 20. g4 Rf8 21. g5 Ne8 22. Qh5 Ng6 23. Kf2 f6 24. Nxg6 f5 25. Nxf8 Kxf8 26. b6 Kg8 27. Rh1 axb6 28. Qxh7+ Kf8 29. axb6 Rb8 30. Qh8+ Kf7 31. g4 Bc8 32. gxf5 exf5 33. Ne2 Be6 34. Ng1 Ke7 35. Nf3 Kd7 36. Qf8 Kc8 37. Rh8 Kd7 38. Ne5+ Kc8 39. Qxe8 Qxe8 40. Rxe8# 1-0